Map: Dusk Towers

Players

Saadistic - Winner!

  • Race: Protoss Protoss
  • League: Platinum

KidZ

  • Race: Protoss Protoss

VOD

Have the link to the VOD?

Description

Time

  • Played on: Nov. 15, 2015, 12:22 a.m.
  • Length: 4:53
Show
View Real Time Build Order
Export as new Build Order

Saadistic Protoss - Winner!

Build Orders: Oracle Opening 

Get SALT Encoding   

  12  0:02  Probe (Chrono Boost)  
  13  0:14  Pylon  
  13  0:18  Probe (Chrono Boost)  
  14  0:28  Probe (Chrono Boost)  
  15  0:36  Gateway  
  15  0:39  Probe (Chrono Boost)  
  16  0:49  Probe (Chrono Boost)  
  17  0:50  Assimilator  
  17  0:54  Assimilator  
  17  1:00  Probe (Chrono Boost)  
  18  1:05  Pylon  
  18  1:11  Probe (Chrono Boost)  
  19  1:21  Probe (Chrono Boost)  
  19  1:23  Cybernetics Core  
  20  1:32  Probe (Chrono Boost)  
  21  1:39  Gateway  
  21  1:42  Probe (Chrono Boost)  
  22  1:53  Probe (Chrono Boost)  
  23  1:59  Warp Gate (Chrono Boost)  
  23  2:02  Stalker (Chrono Boost)  
  23  2:05  Probe  
  26  2:17  Probe  
  27  2:25  Stargate  
  29  2:30  Stalker (Chrono Boost)  
  29  2:32  Pylon  
  28  2:38  Probe  
  29  2:48  Stalker  
  31  2:52  Probe  
  31  2:56  Stalker  
  34  3:06  Probe  
  34  3:07  Oracle (Chrono Boost)  
  38  3:15  Pylon  
  38  3:19  Probe  
  39  3:28  Pylon  
  39  3:33  Probe  
  40  3:37  Pylon  
  40  3:45  Probe (Chrono Boost)  
  41  4:02  Stalker x2  
  40  4:25  Probe (Chrono Boost)  
  40  4:30  Stalker x2  
  45  4:36  Probe (Chrono Boost)  
  44  4:41  Nexus  
  44  4:42  Pylon  
Show
View Real Time Build Order
Export as new Build Order

KidZ Protoss 

Build Orders: Oracle Opening 

Get SALT Encoding   

  12  0:01  Probe (Chrono Boost)  
  13  0:15  Pylon  
  13  0:18  Probe (Chrono Boost)  
  14  0:28  Probe (Chrono Boost)  
  15  0:38  Gateway  
  15  0:39  Probe (Chrono Boost)  
  16  0:49  Probe (Chrono Boost)  
  17  0:51  Assimilator  
  17  0:58  Assimilator  
  17  1:05  Pylon  
  17  1:09  Probe (Chrono Boost)  
  18  1:20  Probe (Chrono Boost)  
  19  1:30  Cybernetics Core, Probe (Chrono Boost)  
  20  1:41  Probe (Chrono Boost)  
  21  1:51  Probe (Chrono Boost)  
  22  2:02  Probe (Chrono Boost)  
  23  2:12  Probe (Chrono Boost)  
  23  2:13  Stargate  
  24  2:16  Pylon  
  24  2:18  Stalker  
  26  2:23  Probe  
  27  2:35  Probe  
  28  2:45  Gateway  
  28  2:52  Pylon  
  28  3:02  Oracle (Chrono Boost)  
  30  3:19  Pylon  
  30  3:23  Nexus  
  30  3:27  Mothership Core  
  32  3:35  Stalker  
  34  3:42  Stalker  
  36  3:49  Forge  
  36  3:56  Oracle  
Tags
 
Add a new tag
Caveats
  • Supply blocks, unpowered buildings, or Contaminate may cause inaccurate times.
  • Supply counts are checked every 10 seconds.